 Dungeon Crawl Stone Soup version 0.31.0-11-ge490571c62 (webtiles) character file.

Game seed: 4760030354441300615

189412 Flugkiller the Gelid (level 17, -8/78 HPs)
             Began as a Vine Stalker Ice Elementalist on Feb 3, 2024.
             Was a High Priest of Sif Muna.
             Incinerated by a deep elf pyromancer (20 damage)
             ... with a pyre arrow
             ... on level 1 of the Elven Halls.
             The game lasted 01:18:35 (10414 turns).

Flugkiller the Gelid (VSIE)                        Turns: 10414, Time: 01:18:36

Health: -8/78      AC: 13    Str: 12 (13) XL:     17   Next: 10%
Magic:  0/37       EV: 12    Int: 26 (27) God:    Sif Muna [*****.]
Gold:   1554       SH:  0    Dex: 18      Spells: 7/46 levels left

rFire   x . .        U - +2 shortbow (heavy)
rCold   + . .        (shield currently unavailable)
rNeg    . . .        B - +0 acid dragon scales
rPois   .            O - +0 helmet
rElec   .            C - +2 cloak
rCorr   +            a - +2 pair of gloves {Dex+3}
SInv    .            (no boots)
Will    ++...        y - amulet of faith
Stlth   +            v - ring of ice
HPRegen 1.13/turn    Q - +6 ring of intelligence
MPRegen 0.25/turn

%: guardian spirit, faith
@: on fire, glowing
A: fangs 3, regeneration 1, magic shield, antimagic bite, no potion heal 2, wild
magic 1
}: 2/15 runes: decaying, gossamer
a: Renounce Religion, Channel Magic, Forget Spell, Divine Exegesis


You were on level 1 of the Elven Halls.
You worshipped Sif Muna.
Sif Muna was extremely pleased with you.
You visited 7 branches of the dungeon, and saw 29 of its levels.
You also visited: Ossuary.

You collected 1918 gold pieces.
You spent 364 gold pieces at shops.

Inventory:

Hand Weapons
 e - a +6 short sword of electrocution
   (You took it off Maurice on level 9 of the Dungeon)
 M - a +1 vampiric rapier
   (You found it on level 8 of the Dungeon)
 U - a +2 heavy shortbow (weapon)
   (You took it off a centaur on level 9 of the Dungeon)
 X - a +5 demon trident
   (You took it off Urug on level 12 of the Dungeon)
Missiles
 E - 3 curare-tipped darts
Armour
 a - a +2 pair of gloves of dexterity (worn)
   (You found it on level 4 of the Spider Nest)
 j - a +3 leather armour of poison resistance
   (You took it off Eustachio on level 5 of the Dungeon)
 r - a +0 pair of boots of rampaging
   (You found it on level 4 of the Spider Nest)
 B - +0 acid dragon scales (worn)
   (You found it on level 11 of the Dungeon)
 C - a +2 cloak (worn)
   (You found it on level 9 of the Dungeon)
 O - a +0 helmet (worn)
   (You found it on level 10 of the Dungeon)
 V - a +0 troll leather armour
   (You found it on level 12 of the Dungeon)
Magical Staves
 A - a staff of conjuration
   (You found it on level 11 of the Dungeon)
Jewellery
 c - an amulet of regeneration
   (You found it on level 1 of the Spider Nest)
 i - a +4 ring of protection
   (You found it on level 1 of the Swamp)
 m - a ring of willpower
   (You found it on level 10 of the Dungeon)
 p - a ring of protection from cold
   (You found it on level 3 of the Lair of Beasts)
 v - a ring of ice (left hand)
   (You found it on level 4 of the Dungeon)
 y - an amulet of faith (around neck)
   (You found it on level 7 of the Dungeon)
 I - a +6 ring of strength
   (You found it on level 9 of the Dungeon)
 J - a ring of wizardry
   (You found it on level 9 of the Dungeon)
 K - a ring of fire
   (You found it on level 3 of the Swamp)
 Q - a +6 ring of intelligence (right hand)
   (You found it on level 3 of the Lair of Beasts)
 W - a ring of positive energy
   (You found it on level 3 of the Spider Nest)
Wands
 f - a wand of acid (12)
   (You took it off a gnoll on level 4 of the Dungeon)
 k - a wand of paralysis (15)
   (You took it off Urug on level 12 of the Dungeon)
 S - a wand of polymorph (6)
   (You found it on level 3 of the Lair of Beasts)
 Z - a wand of roots (3)
   (You found it on level 4 of the Swamp)
Scrolls
 g - 3 scrolls of vulnerability
 l - 4 scrolls of enchant weapon
 s - 4 scrolls of fog
 t - 6 scrolls of teleportation
 x - a scroll of silence
 T - a scroll of fear
 Y - 2 scrolls of poison
Potions
 b - 3 potions of berserk rage
 d - 2 potions of might
 h - a potion of haste
 n - 3 potions of resistance
 o - a potion of invisibility
 q - 3 potions of curing
 u - a potion of brilliance
 w - a potion of magic
 G - 7 potions of ambrosia
 H - 5 potions of mutation
 L - 2 potions of enlightenment
 N - 2 potions of lignification
 P - a potion of heal wounds {unknown}
 R - 2 potions of attraction


   Skills:
 - Level 4.2 Fighting
 - Level 2.1 Dodging
 - Level 2.4 Stealth
 - Level 15.0 Spellcasting
 - Level 8.0 Conjurations
 - Level 4.0 Summonings
 + Level 20.9 Ice Magic
 - Level 3.0 Air Magic
 - Level 5.0 Alchemy
 - Level 12.0 Invocations


You had 7 spell levels left.
You knew the following spells:

 Your Spells              Type           Power      Damage    Failure   Level
a - Freeze                Ice            100%       1d10      1%          1
b - Frozen Ramparts       Ice            100%       1d16      1%          3
c - Ozocubu's Armour      Ice            100%       N/A       1%          3
d - Summon Ice Beast      Ice/Summ       100%       N/A       1%          3
e - Freezing Cloud        Conj/Ice/Air   49%        6-21      3%          5
f - Ozocubu's Refrigerat  Ice            64%        4d21      1%          7
g - Polar Vortex          Ice            64%        12d8*     71%         9
h - Passwall              Erth           25%        N/A       17%         3
i - Irradiate             Conj/Alch      31%        3d22      12%         5

Your spell library contained the following spells:

 Spells                   Type           Power      Damage    Failure   Level
 Magic Dart               Conj           100%       1d8       1%          1
 Sting                    Conj/Alch      100%       1d9       1%          1
 Ensorcelled Hibernation  Hex/Ice        100%       N/A       1%          2
 Hailstorm                Conj/Ice       100%       3d16      1%          3
 Momentum Strike          Conj/Tloc      100%       3d10      2%          2
 Mephitic Cloud           Conj/Alch/Air  57%        N/A       2%          3
 Cigotuvi's Dreadful Rot  Necr/Alch/Air  86%        N/A       4%          2
 Dazzling Flash           Conj/Hex       100%       N/A       4%          3
 Stone Arrow              Conj/Erth      100%       3d13      4%          3
 Sandblast                Erth           50%        2d12      7%          1
 Iskenderun's Battlesphe  Conj           68%        2d12      7%          5
 Scorch                   Fire           50%        2d7       10%         2
 Sublimation of Blood     Necr           25%        N/A       10%         2
 Brom's Barrelling Bould  Conj/Erth      51%        2d7       12%         4
 Flame Wave               Conj/Fire      51%        2d13      12%         4
 Iskenderun's Mystic Bla  Conj/Tloc      51%        2d11      12%         4
 Fugue of the Fallen      Necr           25%        N/A       17%         3
 Arcjolt                  Conj/Air       29%        1d39      17%         5
 Ignite Poison            Fire/Alch      42%        N/A       21%         4
 Petrify                  Alch/Erth      42%        N/A       21%         4
 Fireball                 Conj/Fire      25%        3d11      30%         5
 Animate Dead             Necr           25%        N/A       47%         4
 Yara's Violent Unravell  Hex/Alch       21%        3d10      47%         5
 Summon Mana Viper        Hex/Summ       38%        N/A       54%         5
 Silence                  Hex/Air        17%        N/A       61%         5
 Curse of Agony           Necr           25%        N/A       82%         5
 Summon Cactus Giant      Summ           25%        N/A       83%         6
 Spellforged Servitor     Conj/Summ      30%        N/A       98%         7
 Monstrous Menagerie      Summ           25%        N/A       100%        7
 Borgnjor's Revivificati  Necr           12%        N/A       100%        8
 Maxwell's Capacitive Co  Air            22%        ∞         100%        8
 Chain Lightning          Conj/Air       29%        3d38      100%        9
 Fire Storm               Conj/Fire      25%        8d7       100%        9


Dungeon Overview and Level Annotations

Branches:
Dungeon (12/15) Zot: 26541  Temple (1/1) D:5 Zot: 5971    Lair (5/5) D:11 Zot: 25516
  Swamp (4/4) Lair:3 Zot: 22573  Spider (4/4) Lair:2 Zot: 23091   Slime (0/5) Lair:5
    Orc (2/2) D:12 Zot: 11403     Elf (1/3) Orc:2 Zot: 5993 Ossuary (visited)

Altars:
Cheibriados
Dithmenos
Elyvilon
Fedhas
Gozag
Hepliaklqana
Kikubaaqudgha
Makhleb
Nemelex Xobeh
Okawaru
Qazlal
Ru
Sif Muna
Trog
Uskayaw
Vehumet
Wu Jian
Xom
Yredelemnul
Zin
The Shining One

Shops:
D:5 (*=   D:10 :*!   D:12 [   Orc:2 (!:*

Portals:
Abyss: Swamp:1

Annotations:
Lair:4 exclusion: oklob plant
Lair:5 exclusion: oklob plant
Swamp:1 2 transporters
Spider:3 exclusion: upstairs
Elf:1 1 runed translucent door, Jyxew's ghost, journeyman DsFi


Innate Abilities, Weirdness & Mutations

You have razor-sharp teeth.
Your natural rate of healing is unusually fast.
When hurt, damage is shared between your health and your magic reserves.
Your bite disrupts and absorbs the magic of your enemies.
Potions cannot restore your health.
Your spells are a little harder to cast, but a little more powerful.


Message History

You climb upwards.
There is a stone staircase leading down here.
Unknown command.
Casting: Ozocubu's Refrigeration (dangerous; 1% risk of failure)
Confirm with . or Enter, or press ? or * to list all spells.
Aiming: Passwall (dangerous; 17% risk of failure)
Press: ? - help, Dir - move target A rock wall.
You begin to meditate on the wall.
You continue meditating on the rock. x3
You finish merging with the rock.
There is a staircase back to the Dungeon here.
You climb upwards.
Welcome back to the Dungeon!
There is a staircase to the Lair here.
Unknown command.
There is a stone staircase leading down here.
You climb downwards.
There is a stone staircase leading up here.
Casting: Passwall (dangerous; 17% risk of failure)
Confirm with . or Enter, or press ? or * to list all spells.
Aiming: Passwall (dangerous; 17% risk of failure)
Press: ? - help, Dir - move target You can't see that place.
You begin to meditate on the wall.
You continue meditating on the rock. x4
You finish merging with the rock.
There is a staircase to the Orcish Mines here.
You climb downwards.
Welcome back to the Orcish Mines!
There is a staircase back to the Dungeon here.
Things that are here:
a +0 plate armour; a +0 dire flail Unknown command.
Things that are here:
a +0 robe; a +0 dagger
Items here: ))) [.
There is a stone staircase leading down here.
You climb downwards.
There is a stone staircase leading up, spattered with blood here.
You see here a +0 hand axe.
Unknown command.
Things that are here:
a +0 robe; a +0 dagger
There is a staircase to the Elven Halls here.
You climb downwards.
Welcome to the Elven Halls!
The deep elf zephyrmancer shouts!
You hear a shout!
Found a ring mail.
There is a staircase back to the Mines here.
Unknown command.
The deep elf pyromancer shouts! x2; The deep elf zephyrmancer shouts!
The deep elf knight shouts!
The deep elf zephyrmancer shouts!
You hear a shout!
You open the door.
A deep elf knight breaks down the door.
The deep elf pyromancer gestures at you while chanting.
The pyre arrow hits you.
You are covered in intense liquid fire!
Unknown command.
Casting: Passwall (dangerous; 17% risk of failure)
Confirm with . or Enter, or press ? or * to list all spells.
You feel a surge of power!
The heat is drained from your surroundings.
You kill the deep elf zephyrmancer!
Sif Muna accepts your kill.
The deep elf pyromancer is severely wounded. x2
The deep elf knight is heavily wounded.
The liquid fire burns you!
Unknown command.
You shake off some of the fire as you move.
The liquid fire burns you!
A deep elf zephyrmancer opens the door.
The deep elf pyromancer casts a spell.
The deep elf pyromancer blinks!
The deep elf pyromancer points at you and mumbles some strange words.
The pyre arrow hits you.
You are even more covered in intense liquid fire!
Unknown command.
Casting: Ozocubu's Refrigeration (dangerous; 1% risk of failure)
Confirm with . or Enter, or press ? or * to list all spells.
You feel a surge of power!
The heat is drained from your surroundings.
You kill the deep elf pyromancer!
Sif Muna accepts your kill.
You kill the deep elf knight!
Sif Muna accepts your kill.
The deep elf zephyrmancer is severely wounded.
The liquid fire burns you!
The deep elf zephyrmancer casts a spell at you.
The bolt of lightning hits you!
A deep elf zephyrmancer breaks down the door.
You hear a shout! x9
Unknown command.
You shake off some of the fire as you move.
The liquid fire burns you!
The deep elf pyromancer gestures at you while chanting.
The bolt of fire hits you!! The fire burns you terribly!
* * * LOW HITPOINT WARNING * * *
Unknown command.
Blink to where?
Press: ? - help, Dir - move target
Found a staff of conjuration and a scroll of immolation.
Found a runed translucent door.
As you read the scroll of blinking, it crumbles to dust.
The liquid fire burns you!
You die...

.. #§?.# .#
#|We# .###+##
.#... .... ..#
#.#######
#@.......
#.....###
#.....# #[.⌠..#
#.....#
##..)..##
#######'########
....#..§..#e....
...e#..<..#.....


You could see 2 deep elf zephyrmancers and Jyxew's ghost (wandering).

Vanquished Creatures
  the Lernaean hydra (Swamp:4)
  Rupert (Orc:2)
  A thorn hunter (Swamp:4)
  5 emperor scorpions (Spider:4)
  A fenstrider witch (Swamp:4)
  A ghost moth (Spider:4)
  2 orc warlords (Orc:2)
  An eleionoma (Swamp:3)
  2 bunyips
  A spark wasp (Spider:2)
  A shambling mangrove (Swamp:4)
  An entropy weaver (Spider:2)
  3 alligators
  2 boulder beetles
  A catoblepas (Lair:3)
  17 hydras
  An ogre mage (Orc:2)
  3 ghost crabs
  7 two-headed ogres
  A death knight (D:12)
  A death yak (Lair:3)
  3 demonic crawlers
  A deep elf knight (Elf:1)
  Urug (D:12)
  5 goliath frogs
  A spriggan druid (Swamp:1)
  3 pharaoh ants
  4 orb spiders
  A sun moth (Spider:4)
  2 bog bodies
  15 swamp dragons
  A deep elf pyromancer (Elf:1)
  4 orc knights (Orc:2)
  A deep elf zephyrmancer (Elf:1)
  An orc sorcerer (Orc:2)
  A cyclops (D:9)
  6 wolf spiders
  2 will-o-the-wisps
  Maurice (D:9)
  4 kobold blastminers (Orc:2)
  3 meliai (Spider:2)
  12 elephants
  4 black mambas
  12 cane toads
  A torpor snail (Spider:1)
  3 rime drakes (Lair:5)
  2 freezing wraiths (D:12)
  9 komodo dragons
  3 polar bears
  10 tyrant leeches
  7 trolls
  15 hornets
  A spectral elephant (Lair:3)
  5 tarantellas
  19 blink frogs
  9 slime creatures
  6 culicivoras
  A spectral black mamba (Lair:3)
  11 dream sheep
  12 spriggans
  8 jumping spiders
  3 basilisks
  43 yaks
  3 wraiths
  3 wyverns
  5 wargs
  2 steam dragons (Lair:3)
  6 vampire mosquitoes
  25 redbacks
  8 swamp worms
  3 acid dragons (D:11)
  26 water moccasins
  37 orc warriors
  2 ice beasts
  8 swamp drakes
  A spectral torpor snail (Lair:3)
  4 black bears (Lair:5)
  6 ogres
  A sky beast (D:7)
  A boggart (Lair:5)
  18 wolves
  14 centaurs
  A spectral rime drake (Lair:3)
  4 elf zombies (Ossuary)
  3 kobold brigands
  3 scorpions
  19 bullfrogs
  2 gnoll sergeants
  5 killer bees (D:10)
  An electric eel (Lair:3)
  4 howler monkeys
  2 centaur zombies (Ossuary)
  A bombardier beetle (D:5)
  6 hounds
  2 human zombies (Ossuary)
  2 jellies
  A gnoll bouda (Lair:3)
  12 orc priests
  A sleepcap (D:6)
  2 iguanas (D:5)
  19 orc wizards
  2 centaur simulacra (D:8)
  5 hound zombies (Ossuary)
  2 mummies (Ossuary)
  Robin (D:4)
  8 gnolls
  2 adders
  2 shadow imps
  2 white imps (D:8)
  4 ufetubi
  4 adder zombies (Ossuary)
  A dart slug (D:3)
  2 ribbon worms
  41 orcs
  An endoplasm (D:3)
  2 giant cockroaches (D:3)
  3 gnoll zombies (Ossuary)
  10 goblins (D:4)
  16 hobgoblins
  4 jackals (D:5)
  15 kobolds
  A quokka (D:5)
  A frilled lizard (D:1)
  5 jackal zombies (Ossuary)
  5 kobold zombies (Ossuary)
  3 orc zombies (Ossuary)
  A rat (D:1)
716 creatures vanquished.

Vanquished Creatures (collateral kills)
  A hydra (Lair:3)
  2 two-headed ogres
  A skyshark (Lair:4)
  A cane toad (Lair:2)
  2 trolls
  A polar bear (Lair:3)
  Eustachio (D:5)
  5 yaks
  A basilisk (Lair:3)
  4 wyverns
  An orc warrior (D:9)
  A centaur (D:6)
  A kobold brigand (D:6)
  A bullfrog (Lair:3)
  An electric eel (D:8)
  An orc priest (D:6)
  A gnoll (D:6)
  A gnoll zombie (Ossuary)
  A kobold (D:6)
  A jackal zombie (Ossuary)
  A kobold zombie (Ossuary)
  An orc zombie (Ossuary)
31 creatures vanquished.

Vanquished Creatures (others)
  A bloated husk (Swamp:4)
  An orc wizard (D:8)
  An orc (D:8)
  4 foxfires (Swamp:2)
7 creatures vanquished.

Grand Total: 754 creatures vanquished

Notes
Turn   | Place    | Note
-------+----------+-------------------------------------------
     0 | D:1      | Flugkiller the Vine Stalker Ice Elementalist began the
                  | quest for the Orb.
     0 | D:1      | Reached XP level 1. HP: 9/9 MP: 4/4
   138 | D:2      | Reached XP level 2. HP: 13/13 MP: 2/6
   188 | D:3      | Found a faded altar of an unknown god.
   472 | D:4      | Reached XP level 3. HP: 16/16 MP: 4/8
   476 | D:4      | Noticed Robin
   498 | D:4      | Killed Robin
   517 | D:4      | Learned a level 3 spell: Frozen Ramparts
   521 | D:4      | Learned a level 3 spell: Ozocubu's Armour
   607 | D:4      | Reached XP level 4. HP: 18/21 MP: 0/10
   631 | D:5      | Entered Level 5 of the Dungeon
   631 | D:5      | Noticed a phantom
   631 | D:5      | Noticed a scorpion
   636 | D:5      | Found Xaipeit's Lightly-Used Armoury.
   695 | D:3      | Found an iron altar of Okawaru.
   822 | D:4      | Reached skill level 5 in Ice Magic
   825 | D:4      | Reached XP level 5. HP: 11/24 MP: 3/11
   854 | D:4      | Found a white marble altar of Elyvilon.
   917 | D:4      | You fall into a shaft and drop 1 floor!
   925 | D:5      | Found a staircase to the Ecumenical Temple.
   930 | Temple   | Entered the Ecumenical Temple
   944 | Temple   | Became a worshipper of Sif Muna the Loreminder
   973 | D:5      | Found Xikk's Jewellery Shoppe.
  1033 | D:5      | Reached XP level 6. HP: 24/28 MP: 6/13
  1041 | D:5      | Noticed Eustachio
  1062 | D:5      | Found Syweit's Antique Weapon Shop.
  1152 | D:5      | Learned a level 3 spell: Summon Ice Beast
  1162 | D:5      | Killed Eustachio
  1163 | D:5      | Reached skill level 5 in Spellcasting
  1163 | D:5      | Reached skill level 6 in Ice Magic
  1193 | D:5      | Reached XP level 7. HP: 32/32 MP: 9/16
  1364 | D:6      | Gained mutation: Your spells are a little easier to cast,
                  | but a little less powerful. [potion of mutation]
  1364 | D:6      | Gained mutation: You passively dampen the noise of your
                  | surroundings. [potion of mutation]
  1365 | D:6      | Lost mutation: Your spells are a little easier to cast, but
                  | a little less powerful. [potion of mutation]
  1365 | D:6      | Lost mutation: You passively dampen the noise of your
                  | surroundings. [potion of mutation]
  1365 | D:6      | Gained mutation: Your spells are a little harder to cast,
                  | but a little more powerful. [potion of mutation]
  1385 | D:6      | Reached skill level 7 in Ice Magic
  1403 | D:6      | Gained mutation: You have razor-sharp teeth. [Vine Stalker
                  | growth]
  1403 | D:6      | Reached XP level 8. HP: 36/36 MP: 10/18
  1424 | D:6      | Reached * piety under Sif Muna
  1467 | D:6      | Reached skill level 8 in Ice Magic
  1624 | D:6      | Found a sacrificial altar of Ru.
  1668 | D:7      | Found a sand-covered staircase.
  1674 | Ossuary  | Entered an ossuary
  1690 | Ossuary  | Reached ** piety under Sif Muna
  1721 | Ossuary  | Reached XP level 9. HP: 38/39 MP: 19/22
  1743 | Ossuary  | Reached skill level 9 in Ice Magic
  1967 | D:7      | Found an opulent altar of Gozag.
  2040 | D:7      | Reached *** piety under Sif Muna
  2174 | D:8      | Reached skill level 10 in Ice Magic
  2195 | D:8      | Reached skill level 10 in Spellcasting
  2195 | D:8      | Reached XP level 10. HP: 37/44 MP: 15/25
  2291 | D:10     | Entered Level 10 of the Dungeon
  2385 | D:9      | Noticed Maurice
  2408 | D:9      | Something stole a +2 dagger of venom
  2409 | D:9      | Something stole 364 gold
  2415 | D:9      | Killed Maurice
  2416 | D:9      | Reached skill level 1 in Fighting
  2416 | D:9      | Reached skill level 1 in Summonings
  2416 | D:9      | Reached skill level 1 in Invocations
  2443 | D:8      | Noticed a two-headed ogre
  2448 | D:8      | Noticed a boulder beetle
  2480 | D:8      | Killed a two-headed ogre
  2509 | D:8      | Killed a boulder beetle
  2592 | D:9      | Noticed a two-headed ogre
  2593 | D:9      | Noticed a skeletal warrior
  2604 | D:9      | Killed a two-headed ogre
  2677 | D:9      | Noticed a two-headed ogre
  2682 | D:9      | Killed a two-headed ogre
  2683 | D:9      | Reached XP level 11. HP: 53/53 MP: 17/26
  2769 | D:9      | Noticed a two-headed ogre
  2793 | D:9      | Killed a two-headed ogre
  2886 | D:9      | Noticed a cyclops
  2892 | D:9      | Killed a cyclops
  3024 | D:10     | Found Nijareta's General Store.
  3054 | D:10     | Bought a Trismegistus Codex for 364 gold pieces
  3060 | D:10     | Learned a level 5 spell: Freezing Cloud
  3074 | D:10     | Reached **** piety under Sif Muna
  3089 | D:10     | Reached skill level 1 in Conjurations
  3089 | D:10     | Reached skill level 1 in Air Magic
  3125 | D:10     | Found Fiabroyf's Book Shop.
  3342 | D:11     | Found a flickering gateway to a bazaar.
  3816 | D:8      | Found a hide-covered altar of Uskayaw.
  4255 | D:10     | Found Gisust's Distillery.
  4558 | D:11     | Reached skill level 5 in Conjurations
  4584 | D:11     | Reached XP level 12. HP: 42/58 MP: 5/28
  4621 | D:11     | Found a staircase to the Lair.
  4627 | Lair:1   | Entered Level 1 of the Lair of Beasts
  4712 | Lair:1   | Reached ***** piety under Sif Muna
  4781 | Lair:2   | HP: 2/58 [wyvern (1)]
  4787 | Lair:2   | HP: 2/58 [wyvern (4)]
  4833 | Lair:2   | Received a gift from Sif Muna
  4834 | Lair:2   | Got Listoz Tiymi's Volume of Unstable Ice {god gift}
  4872 | Lair:2   | Learned a level 5 spell: Irradiate
  4925 | Lair:2   | Noticed a six-headed hydra
  4945 | Lair:2   | Killed a six-headed hydra
  4946 | Lair:2   | Reached skill level 1 in Alchemy
  5096 | Lair:3   | Noticed a catoblepas
  5166 | Lair:3   | Killed a catoblepas
  5336 | Lair:3   | Noticed a six-headed hydra
  5341 | Lair:3   | Killed a six-headed hydra
  5358 | Lair:3   | Reached skill level 5 in Alchemy
  5358 | Lair:3   | Reached XP level 13. HP: 61/61 MP: 10/30
  5792 | Lair:4   | Reached skill level 15 in Spellcasting
  5838 | Lair:5   | Entered Level 5 of the Lair of Beasts
  5849 | Lair:5   | Reached skill level 11 in Ice Magic
  5885 | Lair:5   | Received a gift from Sif Muna
  6024 | Lair:5   | Reached skill level 12 in Ice Magic
  6030 | Lair:5   | Found a staircase to the Slime Pits.
  6048 | Lair:5   | Reached XP level 14. HP: 15/66 MP: 24/34
  6067 | Lair:5   | Reached skill level 13 in Ice Magic
  6258 | Lair:5   | Received a gift from Sif Muna
  6259 | Lair:5   | Got Sif Muna's Book of Glaciation and Maleficent Arts {god
                  | gift}
  6346 | Lair:5   | Got an earthy gem with 1987 turns to spare
  6356 | Lair:5   | Reached skill level 14 in Ice Magic
  6369 | Lair:5   | Got the Atlas of Gaseous Stones
  6712 | Lair:2   | Found a hole to the Spider Nest.
  6878 | D:12     | Found George's Dragon-Slaying Spoils.
  7068 | D:12     | Found a staircase to the Orcish Mines.
  7077 | D:12     | Noticed Urug
  7091 | D:12     | Received a gift from Sif Muna
  7113 | D:12     | Reached skill level 15 in Ice Magic
  7130 | D:12     | Got Taogouc's Papyrus of Frostbitten Fulmination {god gift}
  7154 | D:12     | Killed Urug
  7168 | Orc:1    | Entered Level 1 of the Orcish Mines
  7238 | Orc:2    | Entered Level 2 of the Orcish Mines
  7238 | Orc:2    | Noticed Rupert
  7238 | Orc:2    | Found a burning altar of Makhleb.
  7238 | Orc:2    | Found a staircase to the Elven Halls.
  7242 | Orc:2    | Killed Rupert
  7290 | Orc:2    | Learned a level 7 spell: Ozocubu's Refrigeration
  7322 | Orc:2    | Noticed an orc warlord
  7326 | Orc:2    | Killed an orc warlord
  7327 | Orc:2    | Reached skill level 16 in Ice Magic
  7400 | Orc:2    | Reached XP level 15. HP: 32/70 MP: 3/35
  7441 | Orc:2    | Found Simaa's Distillery.
  7441 | Orc:2    | Found Ziczidyst's Book Boutique.
  7443 | Orc:2    | Found Pastroma's Assorted Antiques.
  7445 | Orc:2    | Found Minamuh's Weapon Emporium.
  7468 | Orc:2    | Noticed an orc warlord
  7474 | Orc:2    | Received a gift from Sif Muna
  7476 | Orc:2    | Killed an orc warlord
  7477 | Orc:2    | Got Sif Muna's Catalogue of Kinetic Profane Deeds {god
                  | gift}
  7740 | Orc:2    | Learned a level 9 spell: Polar Vortex
  7991 | Lair:3   | Reached skill level 17 in Ice Magic
  8086 | Lair:3   | Found a staircase to the Swamp.
  8106 | Swamp:1  | Entered Level 1 of the Swamp
  8156 | Swamp:1  | Received a gift from Sif Muna
  8157 | Swamp:1  | Got Sif Muna's Compendium of Posthumous Combat Magic {god
                  | gift}
  8203 | Swamp:1  | Reached skill level 10 in Invocations
  8349 | Swamp:3  | Found the +9 sword of Power {lifebolt}
  8467 | Swamp:4  | Entered Level 4 of the Swamp
  8511 | Swamp:4  | Noticed a thorn hunter
  8515 | Swamp:4  | Killed a thorn hunter
  8531 | Swamp:4  | Noticed a fenstrider witch
  8533 | Swamp:4  | Killed a fenstrider witch
  8721 | Swamp:4  | Reached XP level 16. HP: 74/74 MP: 0/36
  8734 | Swamp:4  | Reached skill level 18 in Ice Magic
  8788 | Swamp:4  | Noticed the 27-headed Lernaean hydra
  8800 | Swamp:4  | Killed the 27-headed Lernaean hydra
  8892 | Swamp:4  | Got a mossy gem with 746 turns to spare
  8894 | Swamp:4  | Got a decaying rune of Zot
  9099 | Swamp:1  | Found a transporter.
  9102 | Swamp:1  | Found a transporter.
  9119 | Swamp:1  | Found a one-way gate to the infinite horrors of the Abyss.
  9161 | Swamp:1  | Reached skill level 19 in Ice Magic
  9161 | Swamp:1  | Noticed a tentacled monstrosity
  9169 | Swamp:1  | Noticed a tentacled starspawn
  9368 | Spider:1 | Entered Level 1 of the Spider Nest
  9818 | Spider:4 | Entered Level 4 of the Spider Nest
  9887 | Spider:4 | Learned a level 3 spell: Passwall
  9920 | Spider:4 | Reached skill level 20 in Ice Magic
  9949 | Spider:4 | Received a gift from Sif Muna
 10017 | Spider:4 | Reached XP level 17. HP: 78/78 MP: 20/37
 10071 | Spider:4 | Got a milky-white gem with 1686 turns to spare
 10073 | Spider:4 | Got a gossamer rune of Zot
 10130 | Spider:4 | HP: 2/78 [something (11)]
 10407 | Elf:1    | Entered Level 1 of the Elven Halls
 10414 | Elf:1    | Found a runed translucent door.
 10414 | Elf:1    | Noticed Jyxew's ghost (journeyman DsFi)
 10414 | Elf:1    | Incinerated by a deep elf pyromancer

Illustrated notes

Levels and vault maps discovered:
D:1:      nzn_arrival_depleted_hourglass, layout_basic
D:2:      layout_basic
D:3:      minmay_evil_eye, layout_basic, mainiacjoe_overflow_brackets,
          shapermc_ecumenical_altar_venn, hangedman_abyss_or_decor_lesser_grid,
          chequers_serial_rivers_micro_c
D:4:      corexii_shantytown, layout_loops_ring, elyvilon_altar_5, uniq_robin
D:5:      layout_cave_pools, temple_doors_e, minmay_shop_damaged,
          nicolae_inconvenience_store, nicolae_take_the_stairs,
          minmay_misc_feat_doors, grunt_ministairs_6, uniq_eustachio
D:6:      kennysheep_housing_project, layout_gridville,
          mainiacjoe_overflow_chevrons, general_overflow_altar
D:7:      layout_basic, overflow_temple_1_default, nicolae_ossuary_entry_plus,
          minivault_23
D:8:      layout_basic, nicolae_uskayaw_murder_on_the_dancefloor, serial_ice,
          serial_ice_a, serial_ice_d, serial_ice_e, serial_ice_m, serial_ice_f
D:9:      wad_arrow_thing, layout_stronghold, kennysheep_small_circle,
          uniq_maurice
D:10:     layout_loops_corners, serial_shops, nicolae_shop_rolling_square, shop,
          nicolae_shop_crystal, nicolae_shop_waterfront,
          amcnicky_mini_rare_corridor_liquid
D:11:     layout_rooms, erik_lair_dragon, serial_shops, bzr_entry_lakeside
D:12:     layout_basic, minmay_orc_entry_guard_dogs, nicolae_shop_dragon_depot,
          uniq_urug, uniq_kirke
Temple:   nicolae_temple_slightly_damp_pantheon
Lair:1:   layout_layer_cave, grunt_megastairs_2, uniq_amaemon, uniq_nergalle,
          uniq_jeremiah
Lair:2:   layout_regular_city, nicolae_spider_entry_lesser_pyramids,
          chequers_serial_rivers_room_a
Lair:3:   nzn_winding_woodlands_huge [nzn_winding_woodlands_5x15_pool,
          nzn_winding_woodlands_5x15_default,
          nzn_winding_woodlands_5x15_default,
          nzn_winding_woodlands_5x15_river_crossing,
          nzn_winding_woodlands_5x15_sidewinder,
          nzn_winding_woodlands_5x15_jagged,
          nzn_winding_woodlands_5x15_longhouse,
          nzn_winding_woodlands_5x15_lazy_stream,
          nzn_winding_woodlands_5x15_concentric,
          nzn_winding_woodlands_5x15_split_checker,
          nzn_winding_woodlands_center_garden,
          nzn_winding_woodlands_center_lodge,
          nzn_winding_woodlands_15x15_killbox], layout_gridlike,
          nicolae_swamp_entry_spooky, dreamdust_gnoll_shepherd
Lair:4:   layout_roguey, minivault_26, grunt_megastairs_1, lemuel_fruit_tree
Lair:5:   minmay_lair_end_enchanted_forest, layout_loops_ring,
          minmay_slime_entry_pillars
Swamp:1:  layout_falls_marsh, gammafunk_ghost_abyssal_escape,
          evilmike_swamp_ruin_house_3, swamp_pool_3,
          nicolae_swamp_soggy_hallways, infiniplex_staircase_pool
Swamp:2:  layout_basic_swamp, hangedman_swamp_ruin_wall,
          cheibrodos_swamp_minitomb
Swamp:3:  layout_basic_swamp, evilmike_swamp_ruin_rubble_1
Swamp:4:  swamp_old_school, layout_basic_swamp
Spider:1: layout_spider_delve, hangedman_spider_tarantella_strand
Spider:2: gammafunk_sealed_arena, gammafunk_ghost_grave
Spider:3: layout_chambers, drop_trap
Spider:4: spider_rune_water
Orc:1:    layout_diamond_mine
Orc:2:    st_orc_rangers, layout_caves, basic_altar, special_room,
          nicolae_orc_lava_room, uniq_rupert
Elf:1:    minmay_elf_arrival_plus, layout_rooms, ebering_ghost_inner_flame,
          basic_altar, hangedman_elf_represent, hangedman_elf_targeted_burst

Skill      XL: |  1  2  3  4  5  6  7  8  9 10 11 12 13 14 15 16 |
---------------+-------------------------------------------------+-----
Spellcasting   | 3 4 5 6 8 10 11 12 15 | 15.0
Ice Magic      | 5 6 7 8 10 12 16 17 20 | 20.9
Fighting       | 4 |  4.2
Summonings     | 4 |  4.0
Invocations    | 6 8 11 12 | 12.0
Dodging        | 2 |  2.1
Conjurations   | 5 8 |  8.0
Air Magic      | 3 |  3.0
Alchemy        | 5 |  5.0
Stealth        | |  2.4

Action                     |  1- 3 |  4- 6 |  7- 9 | 10-12 | 13-15 | 16-18 || total
---------------------------+-------+-------+-------+-------+-------+-------++-------
  Melee: Whip              |    54 |     9 |       |       |       |       ||    63
         Bite              |    15 |    12 |    53 |    90 |    73 |       ||   243
         Unarmed           |     1 |       |       |       |       |       ||     1
         Punch             |     1 |       |     4 |     5 |     6 |       ||    16
         Dagger            |       |    10 |       |       |       |       ||    10
         Rapier            |       |     3 |   186 |     7 |       |       ||   196
         Short sword       |       |       |       |   198 |   230 |       ||   428
   Fire: Shortbow          |       |       |       |    22 |    89 |    50 ||   161
   Cast: Freeze            |    22 |    13 |     5 |    16 |    17 |       ||    73
         Frozen Ramparts   |     1 |     6 |    17 |    40 |    23 |       ||    87
         Ozocubu's Armour  |       |     1 |     9 |    19 |    11 |       ||    40
         Summon Ice Beast  |       |     1 |     7 |    27 |     2 |       ||    37
         Freezing Cloud    |       |       |       |     9 |    64 |    14 ||    87
         Irradiate         |       |       |       |     2 |    21 |     9 ||    32
         Ozocubu's Refrige |       |       |       |       |    87 |    92 ||   179
         Polar Vortex      |       |       |       |       |     1 |       ||     1
         Passwall          |       |       |       |       |       |     9 ||     9
 Invoke: Channel Magic     |       |       |       |     1 |    24 |    19 ||    44
         Divine Exegesis   |       |       |       |       |     1 |       ||     1
  Evoke: Wand              |       |     5 |     6 |    15 |     4 |     4 ||    34
    Use: Scroll            |       |    10 |     4 |     7 |     8 |     7 ||    36
         Potion            |       |       |     5 |     4 |     2 |     5 ||    16
   Stab: Sleeping          |     2 |       |     2 |     2 |     2 |       ||     8
         Paralysed         |       |       |       |    14 |       |       ||    14
         Distracted        |       |       |       |     1 |       |       ||     1
         Petrified         |       |       |       |     4 |       |       ||     4
 Armour: Robe              |    43 |    21 |       |       |       |       ||    64
         Leather armour    |       |     2 |   230 |   266 |   216 |    59 ||   773
         Troll leather arm |       |       |       |       |   106 |       ||   106
         Acid dragon scale |       |       |       |       |       |     2 ||     2
  Dodge: Dodged            |    49 |    21 |   152 |   174 |   213 |    18 ||   627
